SAAA
ALLOWAY HALBERDS @ PAWNEE PARKSNREC
05/10/2028
 
TOP OF THE 1ST
Alloway Halberds batting - Pitching for Pawnee ParksNRec : LHP Pedro Pérez
Pitching: LHP Pedro Pérez
Batting: LHB Ricardo Ríos 0-0: Ball
1-0: Ball
2-0: Called Strike
2-1: Ball
3-1: Foul Ball, location: 2F
3-2: Reached on error, E4 (Groundball, 4)
Batting: LHB Jesús Trevino 0-0: Called Strike
0-1: Ball
1-1: Called Strike
1-2: Foul Ball, location: 2F
1-2: Strikes out looking
Batting: RHB Juan Salinas 0-0: Called Strike
0-1: Ball
1-1: Foul Ball, location: 2F
1-2: Foul Ball, location: 2F
1-2: Grounds into double play, 6-4-3 (Groundball, 6)
Top of the 1st over - 0 run(s), 0 hit(s), 1 error(s), 0 left on base; Alloway 0 - Pawnee 0
BOTTOM OF THE 1ST
Pawnee ParksNRec batting - Pitching for Alloway Halberds : RHP Jim Unknown
Pitching: RHP Jim Unknown
Batting: SHB Dennis Barraclough 0-0: Ball
1-0: Ball
2-0: Ball
3-0: Base on Balls
Batting: RHB Lloyd Alberink Balk!
Dennis Barraclough to second
0-0: Ball
Throwing error on steal attempt, E2
Dennis Barraclough scores
1-0: Called Strike
1-1: Ball
2-1: Foul Ball, location: 2F
2-2: Foul Ball, location: 2F
2-2: SINGLE (Groundball, 56D)
Batting: LHB Sal Bradshaw 0-0: Called Strike
Lloyd Alberink is caught stealing 2nd base
0-1: Swinging Strike
0-2: Ball
1-2: Strikes out swinging
Batting: LHB Charles Mathes 0-0: SINGLE (Line Drive, 6MD)
Batting: LHB Tom Benjamin 0-0: Called Strike
Charles Mathes is caught stealing 2nd base
Bottom of the 1st over - 1 run(s), 2 hit(s), 1 error(s), 0 left on base; Alloway 0 - Pawnee 1
TOP OF THE 2ND
Alloway Halberds batting - Pitching for Pawnee ParksNRec : LHP Pedro Pérez
Batting: LHB Jorge Flores 0-0: Foul Ball, location: 2F
0-1: SINGLE (Groundball, 3D)
Batting: RHB Rafael Delgado 0-0: Foul Ball, location: 2F
0-1: Foul Ball, location: 2F
0-2: SINGLE (Groundball, 34D)
Jorge Flores to second
Runner from 2nd tries for 3rd, SAFE, throw made to third
Rafael Delgado to second
Batting: RHB Jorge López 0-0: Ball
1-0: Ground out 6-3 (Groundball, 6)
Jorge Flores scores
Rafael Delgado to third
Batting: RHB Manny Gonzáles 0-0: Ball
1-0: Ball
2-0: Ball
3-0: Base on Balls
Batting: RHB Carlos De Jesús 0-0: Ball
1-0: Ball
2-0: Swinging Strike
2-1: Swinging Strike
2-2: Ball
3-2: Strikes out swinging
Batting: RHB Cisco Hernández 0-0: Swinging Strike
0-1: Ball
1-1: Called Strike
1-2: Ball
2-2: Foul Ball, location: 2F
2-2: Ball
3-2: Foul Ball, location: 2F
3-2: Strikes out swinging
Top of the 2nd over - 1 run(s), 2 hit(s), 0 error(s), 2 left on base; Alloway 1 - Pawnee 1
BOTTOM OF THE 2ND
Pawnee ParksNRec batting - Pitching for Alloway Halberds : RHP Jim Unknown
Batting: LHB Tom Benjamin 0-0: Ball
1-0: Called Strike
1-1: Ball
2-1: SINGLE (Groundball, 6D)
Batting: SHB Vicente Pueblo 0-0: Ball
Tom Benjamin steals 2nd base
1-0: Ball
2-0: Ball
3-0: SINGLE (Groundball, 4MD)
Tom Benjamin to third
Runner from 3rd tries for Home, SAFE, throw made home
Batting: LHB Felipe Trujillo 0-0: Called Strike
0-1: Foul Ball, location: 2F
0-2: Ball
1-2: Foul Ball, location: 2F
1-2: Fly out, F8 (Flyball, 78M)
Batting: SHB Enrique Costello 0-0: Fly out, F4 (Popup, 3D)
Batting: RHB Iván Rodríguez 0-0: Ball
1-0: Swinging Strike
1-1: Called Strike
1-2: Ball
2-2: Ball
3-2: Ground out 5-3 (Groundball, 56)
Bottom of the 2nd over - 1 run(s), 2 hit(s), 0 error(s), 1 left on base; Alloway 1 - Pawnee 2
TOP OF THE 3RD
Alloway Halberds batting - Pitching for Pawnee ParksNRec : LHP Pedro Pérez
Batting: LHB Ricardo Ríos 0-0: Ground out U3 (Groundball, 3L)
Batting: LHB Jesús Trevino 0-0: Foul Ball, location: 2F
0-1: Ball
1-1: Swinging Strike
1-2: Fly out, F9 (Flyball, 9S)
Batting: RHB Juan Salinas 0-0: Ball
1-0: Called Strike
1-1: Ball
2-1: Ground out 5-3 (Groundball, 56)
Top of the 3rd over - 0 run(s), 0 hit(s), 0 error(s), 0 left on base; Alloway 1 - Pawnee 2
BOTTOM OF THE 3RD
Pawnee ParksNRec batting - Pitching for Alloway Halberds : RHP Jim Unknown
Batting: SHB Dennis Barraclough 0-0: Ball
1-0: SINGLE (Groundball, 34D)
Batting: RHB Lloyd Alberink 0-0: Fly out, F9 (Flyball, 9LSF)
Batting: LHB Sal Bradshaw 0-0: Ball
1-0: Swinging Strike
1-1: Ball
2-1: Foul Ball, location: 2F
2-2: Ball
Dennis Barraclough steals 2nd base
3-2: Foul Ball, location: 2F
3-2: Foul Ball, location: 2F
3-2: Strikes out swinging
Batting: LHB Charles Mathes 0-0: Ball
1-0: Called Strike
1-1: SINGLE (Line Drive, 6)
Dennis Barraclough to third
Runner from 3rd tries for Home, SAFE, no throw
Batting: LHB Tom Benjamin 0-0: Called Strike
Charles Mathes steals 2nd base
0-1: Ball
1-1: Foul Ball, location: 2F
1-2: SINGLE (Line Drive, 34D)
Charles Mathes to third
Batting: SHB Vicente Pueblo 0-0: Called Strike
0-1: Called Strike
Tom Benjamin is caught stealing 2nd base
Bottom of the 3rd over - 1 run(s), 3 hit(s), 0 error(s), 0 left on base; Alloway 1 - Pawnee 3
TOP OF THE 4TH
Alloway Halberds batting - Pitching for Pawnee ParksNRec : LHP Pedro Pérez
Batting: LHB Jorge Flores 0-0: Foul Ball, location: 2F
0-1: Called Strike
0-2: Foul Ball, location: 2F
0-2: Strikes out swinging
Batting: RHB Rafael Delgado 0-0: Called Strike
0-1: Ball
1-1: Ground out 6-3 (Groundball, 56D)
Batting: RHB Jorge López 0-0: Ball
1-0: Ball
2-0: Ground out 4-3 (Groundball, 4)
Top of the 4th over - 0 run(s), 0 hit(s), 0 error(s), 0 left on base; Alloway 1 - Pawnee 3
BOTTOM OF THE 4TH
Pawnee ParksNRec batting - Pitching for Alloway Halberds : RHP Jim Unknown
Batting: SHB Vicente Pueblo 0-0: Ball
1-0: Ball
2-0: Foul Ball, location: 2F
2-1: Ball
3-1: Ground out 4-3 (Groundball, 4D)
Batting: LHB Felipe Trujillo 0-0: Ball
1-0: Ball
2-0: Ball
3-0: Called Strike
3-1: Base on Balls
Batting: SHB Enrique Costello 0-0: Ball
1-0: Ball
2-0: Foul Ball, location: 2F
2-1: Ball
3-1: Called Strike
3-2: Foul Ball, location: 2F
3-2: Strikes out swinging
Batting: RHB Iván Rodríguez 0-0: Called Strike
0-1: Swinging Strike
0-2: Strikes out looking
Bottom of the 4th over - 0 run(s), 0 hit(s), 0 error(s), 1 left on base; Alloway 1 - Pawnee 3
TOP OF THE 5TH
Alloway Halberds batting - Pitching for Pawnee ParksNRec : LHP Pedro Pérez
Batting: RHB Manny Gonzáles 0-0: Called Strike
0-1: Ball
1-1: Ball
2-1: Foul Ball, location: 2F
2-2: Ball
3-2: Ground out 5-3 (Groundball, 56)
Batting: RHB Carlos De Jesús 0-0: Ball
1-0: Foul Ball, location: 2F
1-1: Ball
2-1: Ground out 6-3 (Groundball, 6)
Batting: RHB Cisco Hernández 0-0: Ground out 6-3 (Groundball, 6)
Top of the 5th over - 0 run(s), 0 hit(s), 0 error(s), 0 left on base; Alloway 1 - Pawnee 3
BOTTOM OF THE 5TH
Pawnee ParksNRec batting - Pitching for Alloway Halberds : RHP Jim Unknown
Batting: SHB Dennis Barraclough 0-0: Called Strike
0-1: Ground out 3-1 (Groundball, 34)
Batting: RHB Lloyd Alberink 0-0: Called Strike
0-1: Foul Ball, location: 2F
0-2: Ball
1-2: Foul Ball, location: 2F
1-2: Hit by Pitch
Batting: LHB Sal Bradshaw 0-0: Foul Ball, location: 2F
0-1: Foul Ball, location: 2F
0-2: Ball
Lloyd Alberink steals 2nd base
1-2: Ball
2-2: Ball
3-2: Foul Ball, location: 2F
3-2: Base on Balls
Batting: LHB Charles Mathes 0-0: Ball
1-0: Fielders Choice at 2nd, 4-6 (Groundball, 4)
Lloyd Alberink to third
Batting: LHB Tom Benjamin 0-0: Fly out, F7 (Flyball, 7S)
Bottom of the 5th over - 0 run(s), 0 hit(s), 0 error(s), 2 left on base; Alloway 1 - Pawnee 3
TOP OF THE 6TH
Alloway Halberds batting - Pitching for Pawnee ParksNRec : LHP Pedro Pérez
Batting: LHB Ricardo Ríos 0-0: Ball
1-0: Ball
2-0: Ball
3-0: Base on Balls
Batting: LHB Jesús Trevino 0-0: Foul Ball, location: 2F
0-1: Ball
1-1: Foul Ball, location: 2F
1-2: Ball
2-2: Fly out, F7 (Flyball, 7S)
Batting: RHB Juan Salinas 0-0: Ball
1-0: Called Strike
1-1: Fly out, F7 (Flyball, 78D)
Batting: LHB Jorge Flores 0-0: Ball
1-0: Foul Ball, location: 2F
1-1: Foul Ball, location: 2F
1-2: Ball
Ricardo Ríos is caught stealing 2nd base
Top of the 6th over - 0 run(s), 0 hit(s), 0 error(s), 0 left on base; Alloway 1 - Pawnee 3
BOTTOM OF THE 6TH
Pawnee ParksNRec batting - Pitching for Alloway Halberds : RHP Jim Unknown
Batting: SHB Vicente Pueblo 0-0: Called Strike
0-1: Ball
1-1: Ball
2-1: Ball
3-1: SINGLE (Line Drive, 9S)
Batting: LHB Felipe Trujillo 0-0: Called Strike
0-1: Reached on error, E1 (Groundball, 15S)
Vicente Pueblo to second
Batting: SHB Enrique Costello 0-0: Bunted foul
0-1: Sac Bunt - play at first, batter OUT! 1-4
Vicente Pueblo to third
Felipe Trujillo to second
Batting: RHB Iván Rodríguez 0-0: Ball
1-0: Fly out, F7 (Line Drive, 7LM)
Runner from 3rd tags up, SCORES, no throw
Batting: SHB Dennis Barraclough 0-0: Called Strike
0-1: Foul Ball, location: 2F
0-2: SINGLE (Groundball, 34S) (infield hit)
Felipe Trujillo to third
Pitching: RHP Rewa Malaki
Batting: RHB Lloyd Alberink 0-0: Ball
1-0: Called Strike
1-1: SINGLE (Flyball, 8LS)
Felipe Trujillo scores
Dennis Barraclough to second
Batting: LHB Sal Bradshaw 0-0: Ball
1-0: Foul Ball, location: 2F
1-1: Ball
2-1: Ball
3-1: Base on Balls
Dennis Barraclough to third
Lloyd Alberink to second
Batting: LHB Charles Mathes 0-0: Ball
1-0: Called Strike
1-1: Foul Ball, location: 2F
1-2: Ball
2-2: SINGLE (Line Drive, 9S)
Dennis Barraclough scores
Lloyd Alberink to third
Sal Bradshaw to second
Runner from 3rd tries for Home, SAFE, no throw
Batting: LHB Tom Benjamin 0-0: Called Strike
0-1: Foul Ball, location: 2F
0-2: Foul Ball, location: 2F
0-2: Ball
1-2: Foul Ball, location: 2F
1-2: Ball
2-2: Ball
3-2: SINGLE (Groundball, 6MD)
Sal Bradshaw to third
Charles Mathes to second
Sal Bradshaw scores
Charles Mathes to third
Batting: SHB Vicente Pueblo 0-0: Ball
1-0: Ball
2-0: Foul Ball, location: 2F
2-1: Ground out U3 (Groundball, 3)
Bottom of the 6th over - 5 run(s), 5 hit(s), 1 error(s), 2 left on base; Alloway 1 - Pawnee 8
TOP OF THE 7TH
Alloway Halberds batting - Pitching for Pawnee ParksNRec : LHP Pedro Pérez
Batting: LHB Jorge Flores 0-0: Called Strike
0-1: Ball
1-1: Swinging Strike
1-2: Foul Ball, location: 2F
1-2: Ball
2-2: Ball
3-2: TRIPLE (Flyball, 78XD)
Batting: RHB Rafael Delgado 0-0: Foul Ball, location: 2F
0-1: SINGLE (Groundball, 25) (infield hit)
Jorge Flores scores
Batting: RHB Jorge López 0-0: Ball
1-0: Grounds into double play, 6-4-3 (Groundball, 6)
Batting: RHB Manny Gonzáles 0-0: Ball
1-0: Ball
2-0: Foul Ball, location: 2F
2-1: Ground out 5-3 (Groundball, 56)
Top of the 7th over - 1 run(s), 2 hit(s), 0 error(s), 0 left on base; Alloway 2 - Pawnee 8
BOTTOM OF THE 7TH
Pawnee ParksNRec batting - Pitching for Alloway Halberds : RHP Rewa Malaki
Batting: LHB Felipe Trujillo 0-0: Swinging Strike
0-1: Ball
1-1: Ball
2-1: Ball
3-1: Base on Balls
Batting: SHB Enrique Costello 0-0: SINGLE (Flyball, 8LS)
Felipe Trujillo to second
Batting: RHB Iván Rodríguez 0-0: Called Strike
0-1: Ball
1-1: Swinging Strike
1-2: Ball
2-2: Ball
3-2: Foul Ball, location: 2F
3-2: Base on Balls
Felipe Trujillo to third
Enrique Costello to second
Batting: SHB Dennis Barraclough 0-0: Foul Ball, location: 2F
0-1: Swinging Strike
0-2: Ball
1-2: Fielders Choice at 2nd, 6-4 (Groundball, 56D)
Felipe Trujillo scores
Enrique Costello to third
Batting: RHB Lloyd Alberink 0-0: Ball
1-0: Called Strike
1-1: Ball
2-1: Called Strike
2-2: Ball
3-2: Foul Ball, location: 2F
3-2: SINGLE (Groundball, 56D)
Enrique Costello scores
Dennis Barraclough to second
Pitching: LHP Jim Unknown
Batting: LHB Sal Bradshaw 0-0: Ball
1-0: Ball
2-0: Ball
3-0: Base on Balls
Dennis Barraclough to third
Lloyd Alberink to second
Batting: LHB Charles Mathes 0-0: Ball
1-0: Called Strike
1-1: GRAND SLAM HOME RUN (Flyball, 9LD), Distance : 352 ft
Batting: LHB Tom Benjamin 0-0: Called Strike
0-1: Ball
1-1: Called Strike
1-2: Ball
2-2: Ball
3-2: Foul Ball, location: 2F
3-2: Fly out, F8 (Flyball, 78XD)
Batting: SHB Vicente Pueblo 0-0: Ball
1-0: Swinging Strike
1-1: Ball
2-1: SOLO HOME RUN (Line Drive, 7D), Distance : 396 ft
Batting: LHB Felipe Trujillo 0-0: Ball
1-0: Ball
2-0: DOUBLE (Line Drive, 7D)
Batting: SHB Enrique Costello 0-0: Ball
1-0: Foul Ball, location: 2F
1-1: Foul Ball, location: 2F
1-2: Ball
2-2: Fly out, F5 (Popup, 56)
Bottom of the 7th over - 7 run(s), 5 hit(s), 0 error(s), 1 left on base; Alloway 2 - Pawnee 15
TOP OF THE 8TH
Alloway Halberds batting - Pitching for Pawnee ParksNRec : LHP Pedro Pérez
Batting: RHB Carlos De Jesús 0-0: Called Strike
0-1: Foul Ball, location: 2F
0-2: Ball
1-2: Ball
2-2: Foul Ball, location: 2F
2-2: SOLO HOME RUN (Flyball, 7LD), Distance : 370 ft
Pitching: RHP Jim Unknown
Batting: RHB Cisco Hernández 0-0: Ball
1-0: Called Strike
1-1: Ball
2-1: Ball
3-1: Fly out, F8 (Flyball, 8RD)
Batting: LHB Ricardo Ríos 0-0: Ball
1-0: DOUBLE (Line Drive, 9LM)
Batting: LHB Jesús Trevino 0-0: Ball
1-0: Fly out, F9 (Flyball, 89XD)
Runner from 2nd tags up, SAFE at 3rd, no throw
Batting: RHB Juan Salinas 0-0: Swinging Strike
0-1: Ground out 4-3 (Groundball, 4)
Top of the 8th over - 1 run(s), 2 hit(s), 0 error(s), 1 left on base; Alloway 3 - Pawnee 15
BOTTOM OF THE 8TH
Pawnee ParksNRec batting - Pitching for Alloway Halberds : LHP Jim Unknown
Batting: RHB Iván Rodríguez 0-0: Ball
1-0: Foul Ball, location: 2F
1-1: Foul Ball, location: 2F
1-2: Foul Ball, location: 2F
1-2: Fly out, F7 (Flyball, 7S)
Batting: SHB Dennis Barraclough 0-0: Called Strike
0-1: Ground out 5-3 (Groundball, 56)
Batting: RHB Lloyd Alberink 0-0: Swinging Strike
0-1: Ball
1-1: Called Strike
1-2: Foul Ball, location: 2F
1-2: Ball
2-2: Strikes out swinging
Bottom of the 8th over - 0 run(s), 0 hit(s), 0 error(s), 0 left on base; Alloway 3 - Pawnee 15
TOP OF THE 9TH
Alloway Halberds batting - Pitching for Pawnee ParksNRec : RHP Jim Unknown
Batting: LHB Jorge Flores 0-0: Ball
1-0: Called Strike
1-1: Ball
2-1: Ball
3-1: Base on Balls
Batting: RHB Rafael Delgado 0-0: Foul Ball, location: 2F
0-1: Ball
1-1: Fly out, F8 (Flyball, 8LD)
Batting: RHB Jorge López 0-0: Called Strike
0-1: Ball
1-1: SINGLE (Groundball, 4MD)
Jorge Flores to second
Batting: RHB Manny Gonzáles 0-0: Ball
1-0: Called Strike
1-1: Ball
2-1: Foul Ball, location: 2F
2-2: Grounds into double play, 5-4-3 (Groundball, 56)
Top of the 9th over - 0 run(s), 1 hit(s), 0 error(s), 1 left on base; Alloway 3 - Pawnee 15
Monday, July 10th, 2017 - OOTP Baseball 17.12 Build 75